EL
BOWIE BAYSOX @ AKRON RUBBERDUCKS
09/06/2048
 
TOP OF THE 1ST
Bowie Baysox batting - Pitching for Akron RubberDucks : RHP Corey Larimer
Pitching: RHP Corey Larimer
Batting: RHB Jeremy Sipe 0-0: Ball
1-0: Called Strike
1-1: Foul Ball, location: 2F
1-2: Ground out 4-3 (Groundball, 13, EV 85.0 MPH)
Batting: RHB Travis Leonard 0-0: Swinging Strike
0-1: Foul Ball, location: 2F
0-2: Ball
1-2: Fly out, F9 (Flyball, 89M, EV 78.8 MPH)
Batting: LHB Andrew Erens 0-0: Ball
1-0: Reached on error, E6 (Groundball, 4M, EV 102.5 MPH)
Batting: RHB John Gray 0-0: Ball
1-0: Foul Ball, location: 2F
1-1: Ball
2-1: Called Strike
2-2: Ball
3-2: Ground out 5-3 (Groundball, 5, EV 91.9 MPH)
Top of the 1st over - 0 runs, 0 hits, 1 error, 1 left on base; Bowie 0 - Akron 0
BOTTOM OF THE 1ST
Akron RubberDucks batting - Pitching for Bowie Baysox : LHP Freddy Gutierrez
Pitching: LHP Freddy Gutierrez
Batting: RHB Charles Marcel 0-0: Ball
1-0: Foul Ball, location: 2F
1-1: Ball
2-1: Swinging Strike
2-2: Foul Ball, location: 2F
2-2: Foul Ball, location: 2F
2-2: Ground out 3-1 (Groundball, 13, EV 85.6 MPH)
Batting: RHB Alex Vasquez 0-0: Foul Ball, location: 2F
0-1: Ground out 4-3 (Groundball, 4M, EV 96.9 MPH)
Batting: RHB Justin Lauderdale 0-0: Called Strike
0-1: Swinging Strike
0-2: Ball
1-2: Ball
2-2: SINGLE (Groundball, 34S, EV 72.5 MPH) (infield hit)
Batting: RHB Rico Coss 0-0: Called Strike
0-1: Ground out 4-3 (Groundball, 34S, EV 83.1 MPH)
Bottom of the 1st over - 0 runs, 1 hit, 0 errors, 1 left on base; Bowie 0 - Akron 0
TOP OF THE 2ND
Bowie Baysox batting - Pitching for Akron RubberDucks : RHP Corey Larimer
Batting: RHB Andy Chess 0-0: Called Strike
0-1: Ball
1-1: Called Strike
1-2: Ground out 6-3 (Groundball, 6, EV 81.9 MPH)
Batting: RHB Edwin Ramos 0-0: Ball
1-0: Ball
2-0: Ground out 6-3 (Groundball, 6, EV 83.1 MPH)
Batting: LHB Raul Rojas 0-0: Ground out 4-3 (Groundball, 4, EV 106.9 MPH)
Top of the 2nd over - 0 runs, 0 hits, 0 errors, 0 left on base; Bowie 0 - Akron 0
BOTTOM OF THE 2ND
Akron RubberDucks batting - Pitching for Bowie Baysox : LHP Freddy Gutierrez
Batting: LHB Esteban Cordova 0-0: Called Strike
0-1: Ball
1-1: Foul Ball, location: 2F
1-2: Ball
2-2: Strikes out looking
Batting: RHB Mitch Boyd 0-0: Called Strike
0-1: Ball
1-1: Swinging Strike
1-2: Strikes out swinging
Batting: LHB Robby Dann 0-0: Fly out, F7 (Flyball, 7, EV 93.1 MPH)
Bottom of the 2nd over - 0 runs, 0 hits, 0 errors, 0 left on base; Bowie 0 - Akron 0
TOP OF THE 3RD
Bowie Baysox batting - Pitching for Akron RubberDucks : RHP Corey Larimer
Batting: SHB Jared Boyce 0-0: Ball
1-0: Ball
2-0: Called Strike
2-1: Foul Ball, location: 2F
2-2: Foul Ball, location: 2F
2-2: Foul Ball, location: 2F
2-2: Strikes out looking
Batting: RHB Honório Szenes 0-0: Ground out U3 (Groundball, 3, EV 100.6 MPH)
Batting: RHB Jeremy Sipe 0-0: Ball
1-0: Ball
2-0: Fly out, F9 (Line Drive, 89M, EV 98.8 MPH)
Top of the 3rd over - 0 runs, 0 hits, 0 errors, 0 left on base; Bowie 0 - Akron 0
BOTTOM OF THE 3RD
Akron RubberDucks batting - Pitching for Bowie Baysox : LHP Freddy Gutierrez
Batting: RHB Joeri Plas 0-0: Called Strike
0-1: Ball
1-1: Foul Ball, location: 2F
1-2: Strikes out swinging
Batting: RHB George Wagner 0-0: Called Strike
0-1: Swinging Strike
0-2: Ball
1-2: Ball
2-2: Foul Ball, location: 2F
2-2: Fly out, F6 (Popup, 6MD, EV 70.6 MPH)
Batting: RHB Charles Marcel 0-0: Called Strike
0-1: Ball
1-1: Foul Ball, location: 2F
1-2: Ball
2-2: SINGLE (Groundball, 6, EV 101.2 MPH)
Batting: RHB Alex Vasquez 0-0: Ball
1-0: Called Strike
1-1: Called Strike
1-2: Ball
2-2: SINGLE (Flyball, 56D, EV 86.2 MPH)
Charles Marcel to second
Batting: RHB Justin Lauderdale 0-0: Ball
1-0: Ball
2-0: Ball
3-0: Base on Balls
Charles Marcel to third
Alex Vasquez to second
Batting: RHB Rico Coss 0-0: Ball
1-0: Ball
2-0: Called Strike
2-1: Ball
3-1: Foul Ball, location: 2F
3-2: Ground out 4-3 (Groundball, 4, EV 97.5 MPH)
Bottom of the 3rd over - 0 runs, 2 hits, 0 errors, 3 left on base; Bowie 0 - Akron 0
TOP OF THE 4TH
Bowie Baysox batting - Pitching for Akron RubberDucks : RHP Corey Larimer
Batting: RHB Travis Leonard 0-0: SINGLE (Groundball, 56D, EV 99.4 MPH)
Batting: LHB Andrew Erens 0-0: Ball
1-0: Called Strike
1-1: Foul Ball, location: 2F
1-2: Fly out, F6 (Line Drive, 6, EV 71.9 MPH)
Batting: RHB John Gray 0-0: Called Strike
0-1: Foul Ball, location: 2F
0-2: Ball
1-2: Foul Ball, location: 2F
1-2: Ball
2-2: Strikes out swinging
Batting: RHB Andy Chess 0-0: Ball
Travis Leonard steals 2nd, throwing error, E2
Travis Leonard to third
1-0: Ball
2-0: Fly out, F7 (Line Drive, 78M, EV 97.5 MPH)
Top of the 4th over - 0 runs, 1 hit, 1 error, 1 left on base; Bowie 0 - Akron 0
BOTTOM OF THE 4TH
Akron RubberDucks batting - Pitching for Bowie Baysox : LHP Freddy Gutierrez
Batting: LHB Esteban Cordova 0-0: Ball
1-0: Ball
2-0: Called Strike
2-1: Fly out, F9 (Flyball, 89M, EV 90.6 MPH)
Batting: RHB Mitch Boyd 0-0: Called Strike
0-1: Ball
1-1: Foul Ball, location: 2F
1-2: Ball
2-2: Ground out 5-3 (Groundball, 5L, EV 96.9 MPH)
Batting: LHB Robby Dann 0-0: Ball
1-0: Ground out U3 (Groundball, 3, EV 90.0 MPH)
Bottom of the 4th over - 0 runs, 0 hits, 0 errors, 0 left on base; Bowie 0 - Akron 0
TOP OF THE 5TH
Bowie Baysox batting - Pitching for Akron RubberDucks : RHP Corey Larimer
Batting: RHB Edwin Ramos 0-0: Called Strike
0-1: Ball
1-1: Ball
2-1: Ball
3-1: Base on Balls
Batting: LHB Raul Rojas 0-0: Ball
1-0: Fielders Choice at 2nd, 6-4 (Groundball, 6, EV 103.1 MPH)
Batting: SHB Jared Boyce 0-0: Grounds into double play, U3-6 (Groundball, 3L, EV 76.2 MPH)
Top of the 5th over - 0 runs, 0 hits, 0 errors, 0 left on base; Bowie 0 - Akron 0
BOTTOM OF THE 5TH
Akron RubberDucks batting - Pitching for Bowie Baysox : LHP Freddy Gutierrez
Batting: RHB Joeri Plas 0-0: Swinging Strike
0-1: Ball
1-1: Swinging Strike
1-2: Ball
2-2: Strikes out swinging
Batting: RHB George Wagner 0-0: Ball
1-0: Ball
2-0: Foul Ball, location: 2F
2-1: Ball
3-1: Foul Ball, location: 2F
3-2: Fly out, F5 (Line Drive, 5L, EV 71.9 MPH)
Batting: RHB Charles Marcel 0-0: Called Strike
0-1: Ball
1-1: Called Strike
1-2: Foul Ball, location: 2F
1-2: Ball
2-2: Strikes out looking
Bottom of the 5th over - 0 runs, 0 hits, 0 errors, 0 left on base; Bowie 0 - Akron 0
TOP OF THE 6TH
Bowie Baysox batting - Pitching for Akron RubberDucks : RHP Corey Larimer
Batting: RHB Honório Szenes 0-0: Called Strike
0-1: Swinging Strike
0-2: Foul Ball, location: 2F
0-2: Ball
1-2: Ball
2-2: Strikes out swinging
Batting: RHB Jeremy Sipe 0-0: Ball
1-0: Ball
2-0: Ball
3-0: Base on Balls
Batting: RHB Travis Leonard 0-0: Ball
1-0: Swinging Strike
1-1: Foul Ball, location: 2F
1-2: Foul Ball, location: 2F
1-2: Fly out, F8 (Flyball, 89S, EV 86.9 MPH)
Batting: LHB Andrew Erens 0-0: Foul Ball, location: 2F
0-1: Swinging Strike
0-2: Foul Ball, location: 2F
0-2: Strikes out swinging
Top of the 6th over - 0 runs, 0 hits, 0 errors, 1 left on base; Bowie 0 - Akron 0
BOTTOM OF THE 6TH
Akron RubberDucks batting - Pitching for Bowie Baysox : LHP Freddy Gutierrez
Batting: RHB Alex Vasquez 0-0: Ground out 6-3 (Groundball, 6, EV 77.5 MPH)
Batting: RHB Justin Lauderdale 0-0: Foul Ball, location: 2F
0-1: Ball
1-1: Ball
2-1: Ball
3-1: Fly out, F3 (Popup, 34S, EV 68.1 MPH)
Batting: RHB Rico Coss 0-0: Ball
1-0: Foul Ball, location: 2F
1-1: Ball
2-1: Swinging Strike
2-2: Ground out 6-3 (Groundball, 6, EV 90.0 MPH)
Bottom of the 6th over - 0 runs, 0 hits, 0 errors, 0 left on base; Bowie 0 - Akron 0
TOP OF THE 7TH
Bowie Baysox batting - Pitching for Akron RubberDucks : RHP Corey Larimer
Batting: RHB John Gray 0-0: Called Strike
0-1: Foul Ball, location: 2F
0-2: Strikes out swinging
Batting: RHB Andy Chess 0-0: Ball
1-0: Foul Ball, location: 2F
1-1: Ball
2-1: Foul Ball, location: 2F
2-2: Reached on error, E6 (Groundball, 6, EV 100.6 MPH)
Batting: RHB Edwin Ramos 0-0: Swinging Strike
0-1: Ball
1-1: Foul Ball, location: 2F
1-2: Grounds into double play, 3-6-1 (Groundball, 23, EV 90.6 MPH)
Top of the 7th over - 0 runs, 0 hits, 1 error, 0 left on base; Bowie 0 - Akron 0
BOTTOM OF THE 7TH
Akron RubberDucks batting - Pitching for Bowie Baysox : LHP Freddy Gutierrez
Pitching: RHP Mike Brubaker
Batting: LHB Esteban Cordova 0-0: Foul Ball, location: 2F
0-1: Swinging Strike
0-2: Strikes out swinging
Pinch Hitting: SHB Jarrod Lindblad 0-0: Swinging Strike
0-1: Foul Ball, location: 2F
0-2: Strikes out swinging
Batting: LHB Robby Dann 0-0: Ball
1-0: Called Strike
1-1: Foul Ball, location: 2F
1-2: Ball
2-2: Ball
3-2: Foul Ball, location: 2F
3-2: Strikes out swinging
Bottom of the 7th over - 0 runs, 0 hits, 0 errors, 0 left on base; Bowie 0 - Akron 0
TOP OF THE 8TH
Bowie Baysox batting - Pitching for Akron RubberDucks : RHP Corey Larimer
Now at 2B: Tristan Wright
Batting: LHB Raul Rojas 0-0: Foul Ball, location: 2F
0-1: Called Strike
0-2: Foul Ball, location: 2F
0-2: Strikes out looking
Batting: SHB Jared Boyce 0-0: Called Strike
0-1: Ball
1-1: Ground out 5-3 (Groundball, 5, EV 86.2 MPH)
Batting: RHB Honório Szenes 0-0: SINGLE (Groundball, 6MD, EV 108.1 MPH)
Batting: RHB Jeremy Sipe 0-0: Ball
1-0: Called Strike
1-1: Ball
2-1: Foul Ball, location: 2F
2-2: Ball
3-2: Base on Balls
Honório Szenes to second
Batting: RHB Travis Leonard 0-0: Called Strike
0-1: Foul Ball, location: 2F
0-2: Foul Ball, location: 2F
0-2: Ball
1-2: Fielders Choice at 2nd, 6-4 (Groundball, 6, EV 88.1 MPH)
Top of the 8th over - 0 runs, 1 hit, 0 errors, 2 left on base; Bowie 0 - Akron 0
BOTTOM OF THE 8TH
Akron RubberDucks batting - Pitching for Bowie Baysox : RHP Mike Brubaker
Batting: RHB Joeri Plas 0-0: SINGLE (Groundball, 6M, EV 103.1 MPH) (infield hit)
Batting: RHB George Wagner 0-0: Called Strike
Joeri Plas steals 2nd base
0-1: Swinging Strike
0-2: Ball
1-2: Ball
2-2: Strikes out swinging
Pinch Hitting: SHB Valentin Laporte 0-0: Intentional Walk
Pinch Hitting: SHB Edwin Dominguez 0-0: Ball
1-0: Fielders Choice at 2nd, 4-6 (Groundball, 34, EV 82.5 MPH)
Joeri Plas to third
Batting: RHB Justin Lauderdale 0-0: Called Strike
0-1: Ball
1-1: Called Strike
1-2: Ball
2-2: Ball
3-2: Strikes out swinging
Bottom of the 8th over - 0 runs, 1 hit, 0 errors, 2 left on base; Bowie 0 - Akron 0
TOP OF THE 9TH
Bowie Baysox batting - Pitching for Akron RubberDucks : RHP Corey Larimer
Pitching: RHP Chris DeVall
Now at 1B: Valentin Laporte
Now at 3B: Edwin Dominguez
Batting: LHB Andrew Erens 0-0: Called Strike
0-1: Ball
1-1: Foul Ball, location: 2F
1-2: Ball
2-2: Ball
3-2: Ground out 6-3 (Groundball, 6M, EV 80.6 MPH)
Batting: RHB John Gray 0-0: Called Strike
0-1: SINGLE (Groundball, 56D, EV 98.8 MPH)
Batting: RHB Andy Chess 0-0: Ball
1-0: Ball
2-0: Ball
3-0: Base on Balls
John Gray to second
Batting: RHB Edwin Ramos 0-0: Ball
1-0: Foul Ball, location: 2F
1-1: Swinging Strike
1-2: Ball
2-2: Foul Ball, location: 2F
2-2: Strikes out swinging
Batting: LHB Raul Rojas 0-0: Called Strike
0-1: Ball
1-1: Swinging Strike
1-2: Fielders Choice at 2nd, 5-4 (Groundball, 5, EV 88.1 MPH)
Top of the 9th over - 0 runs, 1 hit, 0 errors, 2 left on base; Bowie 0 - Akron 0
BOTTOM OF THE 9TH
Akron RubberDucks batting - Pitching for Bowie Baysox : RHP Mike Brubaker
Batting: RHB Rico Coss 0-0: Ball
1-0: Called Strike
1-1: Foul Ball, location: 2F
1-2: Strikes out swinging
Batting: LHB Esteban Cordova 0-0: Foul Ball, location: 2F
0-1: Foul Ball, location: 2F
0-2: Ball
1-2: Foul Ball, location: 2F
1-2: Ball
2-2: Strikes out swinging
Batting: RHB Tristan Wright 0-0: Foul Ball, location: 2F
0-1: Foul Ball, location: 2F
0-2: Ball
1-2: Foul Ball, location: 2F
1-2: Ball
2-2: Foul Ball, location: 2F
2-2: Strikes out swinging
Bottom of the 9th over - 0 runs, 0 hits, 0 errors, 0 left on base; Bowie 0 - Akron 0
TOP OF THE 10TH
Bowie Baysox batting - Pitching for Akron RubberDucks : RHP Chris DeVall
Batting: SHB Jared Boyce 0-0: Called Strike
0-1: Called Strike
0-2: Strikes out looking
Batting: RHB Honório Szenes 0-0: Called Strike
0-1: Ball
1-1: Ball
2-1: Ground out 5-3 (Groundball, 56, EV 93.8 MPH)
Batting: RHB Jeremy Sipe 0-0: Ball
1-0: Bunt missed!
1-1: Called Strike
1-2: Foul Ball, location: 2F
1-2: Ball
2-2: Ball
3-2: Ground out 6-3 (Groundball, 6, EV 86.9 MPH)
Top of the 10th over - 0 runs, 0 hits, 0 errors, 0 left on base; Bowie 0 - Akron 0
BOTTOM OF THE 10TH
Akron RubberDucks batting - Pitching for Bowie Baysox : RHP Mike Brubaker
Pitching: RHP Josh Blankenship
Batting: LHB Robby Dann 0-0: Foul Ball, location: 2F
0-1: Ball
1-1: Reached on error, E5 (Groundball, 6, EV 87.5 MPH)
Batting: RHB Joeri Plas 0-0: Called Strike
Robby Dann steals 2nd base
0-1: Foul Ball, location: 2F
0-2: Ball
1-2: Ball
2-2: Foul Ball, location: 2F
2-2: Fly out, F8 (Flyball, 8LD, EV 90.6 MPH)
Batting: RHB George Wagner 0-0: Ball
1-0: Ground out 3-1 (Groundball, 34, EV 88.8 MPH)
Robby Dann to third
Batting: SHB Valentin Laporte 0-0: Intentional Walk
Batting: SHB Edwin Dominguez 0-0: Swinging Strike
0-1: Ball
1-1: Called Strike
1-2: Ball
2-2: Foul Ball, location: 2F
2-2: Foul Ball, location: 2F
2-2: Strikes out swinging
Bottom of the 10th over - 0 runs, 0 hits, 1 error, 2 left on base; Bowie 0 - Akron 0
TOP OF THE 11TH
Bowie Baysox batting - Pitching for Akron RubberDucks : RHP Chris DeVall
Batting: RHB Travis Leonard 0-0: Ball
1-0: Ball
2-0: Called Strike
2-1: Swinging Strike
2-2: Fly out, F4 (Popup, 4S, EV 61.9 MPH)
Batting: LHB Andrew Erens 0-0: Ball
1-0: Called Strike
1-1: Called Strike
1-2: Foul Ball, location: 2F
1-2: Ball
2-2: Strikes out swinging
Batting: RHB John Gray 0-0: Called Strike
0-1: Ball
1-1: Called Strike
1-2: Ground out 6-3 (Groundball, 6M, EV 86.9 MPH)
Top of the 11th over - 0 runs, 0 hits, 0 errors, 0 left on base; Bowie 0 - Akron 0
BOTTOM OF THE 11TH
Akron RubberDucks batting - Pitching for Bowie Baysox : RHP Josh Blankenship
Batting: RHB Justin Lauderdale 0-0: Swinging Strike
0-1: Ball
1-1: Called Strike
1-2: Foul Ball, location: 2F
1-2: Ball
2-2: SINGLE (Groundball, 13S, EV 63.1 MPH) (infield hit)
Batting: RHB Rico Coss 0-0: Called Strike
0-1: Foul Ball, location: 2F
0-2: Ball
1-2: Strikes out swinging
Batting: LHB Esteban Cordova 0-0: Fly out, F4 (Popup, 4S, EV 69.4 MPH)
Batting: RHB Tristan Wright 0-0: Ball
1-0: Fly out, F9 (Flyball, 9S, EV 79.4 MPH)
Bottom of the 11th over - 0 runs, 1 hit, 0 errors, 1 left on base; Bowie 0 - Akron 0
TOP OF THE 12TH
Bowie Baysox batting - Pitching for Akron RubberDucks : RHP Chris DeVall
Pitching: RHP En-guo Tsu
Batting: RHB Andy Chess 0-0: Ball
1-0: Foul Ball, location: 2F
1-1: Swinging Strike
1-2: Strikes out swinging
Batting: RHB Edwin Ramos 0-0: Ball
1-0: Swinging Strike
1-1: Ball
2-1: Foul Ball, location: 2F
2-2: Strikes out swinging
Batting: LHB Raul Rojas 0-0: Ground out 4-3 (Groundball, 34, EV 86.9 MPH)
Top of the 12th over - 0 runs, 0 hits, 0 errors, 0 left on base; Bowie 0 - Akron 0
BOTTOM OF THE 12TH
Akron RubberDucks batting - Pitching for Bowie Baysox : RHP Josh Blankenship
Pitching: RHP Oscar Munoz
Batting: LHB Robby Dann 0-0: Called Strike
0-1: Swinging Strike
0-2: Foul Ball, location: 2F
0-2: Foul Ball, location: 2F
0-2: Strikes out swinging
Batting: RHB Joeri Plas 0-0: Called Strike
0-1: Swinging Strike
0-2: Ball
1-2: Strikes out swinging
Batting: RHB George Wagner 0-0: Ball
1-0: Ball
2-0: TRIPLE (Line Drive, 8LXD, EV 105.6 MPH)
Batting: SHB Valentin Laporte 0-0: Intentional Walk
Batting: SHB Edwin Dominguez 0-0: Called Strike
0-1: Ball
1-1: Called Strike
1-2: Strikes out swinging
Bottom of the 12th over - 0 runs, 1 hit, 0 errors, 2 left on base; Bowie 0 - Akron 0
TOP OF THE 13TH
Bowie Baysox batting - Pitching for Akron RubberDucks : RHP En-guo Tsu
Batting: SHB Jared Boyce 0-0: Called Strike
0-1: Ball
1-1: Swinging Strike
1-2: Ball
2-2: Foul Ball, location: 2F
2-2: SINGLE (Groundball, 34D, EV 101.9 MPH)
Batting: RHB Honório Szenes 0-0: Fielders Choice at 2nd, 6-4 (Groundball, 6, EV 81.2 MPH)
Batting: RHB Jeremy Sipe 0-0: Called Strike
0-1: Swinging Strike
0-2: Strikes out swinging
Batting: RHB Travis Leonard 0-0: Foul Ball, location: 2F
0-1: Foul Ball, location: 2F
0-2: Ball
1-2: Fielders Choice at 2nd, 6-4 (Groundball, 6, EV 105.6 MPH)
Top of the 13th over - 0 runs, 1 hit, 0 errors, 1 left on base; Bowie 0 - Akron 0
BOTTOM OF THE 13TH
Akron RubberDucks batting - Pitching for Bowie Baysox : RHP Oscar Munoz
Batting: RHB Justin Lauderdale 0-0: Ball
1-0: Ground out 5-3 (Groundball, 56, EV 109.4 MPH)
Batting: RHB Rico Coss 0-0: Ball
1-0: Ground out 6-3 (Groundball, 6, EV 98.8 MPH)
Batting: LHB Esteban Cordova 0-0: Ball
1-0: Swinging Strike
1-1: Fly out, F7 (Flyball, 7D, EV 106.2 MPH)
Bottom of the 13th over - 0 runs, 0 hits, 0 errors, 0 left on base; Bowie 0 - Akron 0
TOP OF THE 14TH
Bowie Baysox batting - Pitching for Akron RubberDucks : RHP En-guo Tsu
Batting: LHB Andrew Erens 0-0: Called Strike
0-1: Foul Ball, location: 2F
0-2: Strikes out swinging
Batting: RHB John Gray 0-0: Foul Ball, location: 2F
0-1: Ball
1-1: Ground out 4-3 (Groundball, 34, EV 104.4 MPH)
Batting: RHB Andy Chess 0-0: Called Strike
0-1: Ball
1-1: SINGLE (Line Drive, 6D, EV 94.4 MPH)
Batting: RHB Edwin Ramos 0-0: Called Strike
0-1: Fly out, F3 (Popup, 3SF, EV 67.5 MPH)
Top of the 14th over - 0 runs, 1 hit, 0 errors, 1 left on base; Bowie 0 - Akron 0
BOTTOM OF THE 14TH
Akron RubberDucks batting - Pitching for Bowie Baysox : RHP Oscar Munoz
Batting: RHB Tristan Wright 0-0: Foul Ball, location: 2F
0-1: Fly out, F3 (Popup, 23F, EV 76.2 MPH)
Batting: LHB Robby Dann 0-0: Called Strike
0-1: Called Strike
0-2: Ball
1-2: Foul Ball, location: 2F
1-2: Ball
2-2: Strikes out swinging
Batting: RHB Joeri Plas 0-0: Ball
1-0: Fly out, F9 (Line Drive, 9, EV 89.4 MPH)
Bottom of the 14th over - 0 runs, 0 hits, 0 errors, 0 left on base; Bowie 0 - Akron 0
TOP OF THE 15TH
Bowie Baysox batting - Pitching for Akron RubberDucks : RHP En-guo Tsu
Pitching: RHP Mike Staley
Batting: LHB Raul Rojas 0-0: Ball
1-0: Foul Ball, location: 2F
1-1: Ball
2-1: Ball
3-1: Swinging Strike
3-2: Strikes out looking
Batting: SHB Jared Boyce 0-0: Swinging Strike
0-1: Foul Ball, location: 2F
0-2: Ball
1-2: Ball
2-2: Foul Ball, location: 2F
2-2: Strikes out swinging
Batting: RHB Honório Szenes 0-0: Ball
1-0: Called Strike
1-1: Ground out 5-3 (Groundball, 56, EV 81.2 MPH)
Top of the 15th over - 0 runs, 0 hits, 0 errors, 0 left on base; Bowie 0 - Akron 0
BOTTOM OF THE 15TH
Akron RubberDucks batting - Pitching for Bowie Baysox : RHP Oscar Munoz
Pitching: RHP Brian Tarver
Batting: RHB George Wagner 0-0: Ball
1-0: Ball
2-0: Called Strike
2-1: Ball
3-1: Reached on error, E4 (Groundball, 4, EV 96.9 MPH)
Batting: SHB Valentin Laporte 0-0: Bunt - Flyout to 15 - DP at third! 1-3
Batting: SHB Edwin Dominguez 0-0: Called Strike
0-1: Foul Ball, location: 2F
0-2: Ball
1-2: Ball
2-2: Ball
3-2: Strikes out swinging
Bottom of the 15th over - 0 runs, 0 hits, 1 error, 0 left on base; Bowie 0 - Akron 0
TOP OF THE 16TH
Bowie Baysox batting - Pitching for Akron RubberDucks : RHP Mike Staley
Batting: RHB Jeremy Sipe 0-0: SINGLE (Line Drive, 34D, EV 99.4 MPH)
Batting: RHB Travis Leonard 0-0: Ball
1-0: Ball
Jeremy Sipe steals 2nd base
2-0: Called Strike
2-1: Ball
3-1: Called Strike
3-2: Foul Ball, location: 2F
3-2: Strikes out swinging
Batting: LHB Andrew Erens 0-0: Ball
1-0: Called Strike
1-1: Ball
2-1: Foul Ball, location: 2F
2-2: Ball
3-2: SINGLE (Groundball, 34D, EV 108.8 MPH)
Jeremy Sipe to third
Runner from 3rd tries for Home, throw by RF and OUT! 9-2
Batting: RHB John Gray 0-0: Ball
1-0: Fly out, F9 (Line Drive, 9LM, EV 89.4 MPH)
Top of the 16th over - 0 runs, 2 hits, 0 errors, 1 left on base; Bowie 0 - Akron 0
BOTTOM OF THE 16TH
Akron RubberDucks batting - Pitching for Bowie Baysox : RHP Brian Tarver
Batting: RHB Justin Lauderdale 0-0: Ball
1-0: Ball
2-0: Called Strike
2-1: Called Strike
2-2: SINGLE (Line Drive, 9S, EV 88.1 MPH)
Batting: RHB Rico Coss 0-0: Ball
Justin Lauderdale is caught stealing 2nd base 2-4
1-0: DOUBLE (Line Drive, 7LM, EV 110.0 MPH)
Batting: LHB Esteban Cordova 0-0: Ball
1-0: Called Strike
1-1: Foul Ball, location: 2F
1-2: Ball
2-2: Strikes out swinging
Batting: RHB Tristan Wright 0-0: Ball
1-0: DOUBLE (Flyball, 7LD, EV 91.9 MPH)
Rico Coss scores
Bottom of the 16th over - 1 run, 3 hits, 0 errors, 1 left on base; Bowie 0 - Akron 1
Tuesday, March 28th , 2023 - OOTP Baseball 23.10 Build 110